 Dungeon Crawl Stone Soup version 0.27.1-1-g398f81649c (webtiles) character file.

Game seed: 3411508361421000493

110 ZARRMARR the Sneak (level 4, 0/30 HPs)
             Began as an Octopode Brigand on Sept 9, 2021.
             Splashed by a jelly's acid (5 damage)
             ... on level 3 of the Dungeon.
             The game lasted 00:04:07 (2112 turns).

ZARRMARR the Sneak (Octopode Brigand)               Turns: 2112, Time: 00:04:08

Health: 0/30       AC: -3    Str: 10    XL:     4   Next: 91%
Magic:  4/4        EV: 13    Int: 14    God:
Gold:   43         SH:  0    Dex: 13    Spells: 3/3 levels left

rFire    . . .     SeeInvis .   a - +2 dagger
rCold    . . .     Faith    .   (no shield)
rNeg     . . .     Spirit   .   (helmet restricted)
rPois    .         Reflect  .   (no amulet)
rElec    .         Harm     .   (no ring)
rCorr    .         Rampage  .   (no ring)
Will     .....                  (no ring)
Stlth    ++++......             (no ring)
HPRegen  0.10/turn              (no ring)
MPRegen  0.09/turn              (no ring)
                                (no ring)
                                (no ring)

@: corroded
A: almost no armour, amphibious, 8 rings, camouflage 1, gelatinous body 1,
(nimble swimmer 1), tentacles
a: no special abilities


You were on level 3 of the Dungeon.
You visited 1 branch of the dungeon, and saw 3 of its levels.

You collected 43 gold pieces.

Inventory:

Hand Weapons
 a - a +2 dagger (weapon)
Missiles
 b - 3 poisoned darts (quivered)
 c - 2 curare-tipped darts
Scrolls
 d - 2 scrolls of teleportation
 e - a scroll of enchant armour
Potions
 f - 2 potions of ambrosia {unknown}


   Skills:
 + Level 2.8 Fighting
 * Level 3.4 Short Blades
 - Level 2.0 Throwing
 + Level 2.1 Dodging
 + Level 6.0 Stealth


You had 3 spell levels left.
You didn't know any spells.
Your spell library was empty.

Dungeon Overview and Level Annotations

Branches:
Dungeon (3/15)

Altars:


Innate Abilities, Weirdness & Mutations

You cannot wear most types of armour.
You are amphibious.
You can wear up to eight rings at the same time.
Your skin changes colour to match your surroundings (Stealth+).
Your rubbery body absorbs attacks. (AC +1, EV +1)
((You are camouflaged near water. (Stealth+)))
You have tentacles for arms and can constrict up to eight enemies at once.


Message History

Throw: 8 darts (poison)
Press: ? - help, Q - select action, (/) - cycle Shift-Dir - straight line, f - jelly
Aim: a jelly (89% to hit)
You throw a poisoned dart.
The poisoned dart barely misses the jelly.
Unknown command.
Throw: 7 darts (poison)
Press: ? - help, Q - select action, (/) - cycle Shift-Dir - straight line, f/p - jelly
Aim: a jelly (89% to hit)
You throw a poisoned dart. The poisoned dart hits the jelly.
Unknown command.
Throw: 6 darts (poison)
Press: ? - help, Q - select action, (/) - cycle Shift-Dir - straight line, f/p - jelly
Aim: a jelly (89% to hit)
You throw a poisoned dart. The poisoned dart hits the jelly.
Unknown command.
Throw: 5 darts (poison)
Press: ? - help, Q - select action, (/) - cycle Shift-Dir - straight line, f/p - jelly
Aim: a jelly (89% to hit)
You throw a poisoned dart. The poisoned dart hits the jelly.
Unknown command.
Throw: 4 darts (poison)
Press: ? - help, Q - select action, (/) - cycle Shift-Dir - straight line, f/p - jelly
Aim: a jelly (89% to hit)
You throw a poisoned dart. The poisoned dart hits the jelly.
Unknown command.
You hit the jelly.
Your tentacles burn!
The jelly is moderately wounded.
The jelly barely misses you.
You hit the jelly.
Your tentacles burn!
The jelly is heavily wounded.
The jelly hits you.
You are splashed with acid!
You hit the jelly.
Your tentacles burn!
Your squeeze misses the jelly.
The jelly is heavily wounded.
The jelly hits you.
You are splashed with acid!
* * * LOW HITPOINT WARNING * * *
There is an open door here.
You see here a +0 dagger.
You hit the jelly. The acid corrodes you!
Your tentacles burn!
You die...

### ..# #.. #.#
##.####.####
...........#
.#.####.##.#
#.#....##.#
###.#.#####.#
#..<...# #.####
#.###### #.@J.# #
#....# ####.# #.##.#
#.# #######.#..# #.#
(.......#.## #.#
#######...### #.#
#...........######.#
#...........')....†#
#.[.........########


You could see a jelly.

Vanquished Creatures
  An iguana (D:2)
  3 adders
  A worm (D:2)
  3 dart slugs
  4 bats
  7 endoplasms
  2 giant cockroaches
  3 goblins (D:2)
  6 jackals
  2 quokkas
  3 ball pythons
  A frilled lizard (D:2)
  6 kobolds
  7 rats
49 creatures vanquished.

Notes
Turn   | Place    | Note
-------+----------+-------------------------------------------
     0 | D:1      | ZARRMARR the Octopode Brigand began the quest for the Orb.
     0 | D:1      | Reached XP level 1. HP: 14/14 MP: 1/1
     1 | D:1      | Found a runed translucent door.
   321 | D:1      | Reached XP level 2. HP: 19/19 MP: 2/2
   916 | D:1      | Found a faded altar of an unknown god.
   916 | D:1      | Noticed a balrug
   973 | D:1      | Reached XP level 3. HP: 13/24 MP: 3/3
  1265 | D:2      | Reached XP level 4. HP: 10/30 MP: 4/4
  1945 | D:3      | Reached skill level 6 in Stealth
  2112 | D:3      | Splashed by a jelly's acid

Illustrated notes

Levels and vault maps discovered:
D:1:      dpeg_arrival_caged_fury, layout_basic,
          dreamdust_ecumenical_altar_sealed_demon
D:2:      layout_rooms, serial_curves, eino_curves_02, eino_curves_02
D:3:      layout_basic

Skill      XL: |  1  2  3  4 |
---------------+-------------+-----
Short Blades   | 3 |  3.4
Dodging        | 2 |  2.1
Stealth        | 6 |  6.0
Fighting       | |  2.8
Throwing       | |  2.0

Action                   |  1- 3 |  4- 6 || total
-------------------------+-------+-------++-------
Melee: Dagger            |    59 |    37 ||    96
       Constrict         |    13 |     5 ||    18
       Tentacles         |    14 |     1 ||    15
Throw: Dart              |       |    11 ||    11
  Use: Scroll            |       |     3 ||     3
 Stab: Sleeping          |     4 |    10 ||    14
Armor: Skin              |     6 |     4 ||    10
Dodge: Dodged            |    32 |    16 ||    48
